 Dungeon Crawl Stone Soup version 0.28.0-49-g6dfe1f597d (console) character file.

Game seed: 16374791459711819253

151 Faeu the Skirmisher (level 5, -6/48 HPs)
             Began as a Minotaur Berserker on May 16, 2022.
             Was a Believer of Trog.
             Mangled by a gnoll sergeant
             ... wielding a +3 trident of protection
              (12 damage)
             ... on level 3 of the Dungeon.
             The game lasted 00:02:56 (2412 turns).

Faeu the Skirmisher (Minotaur Berserker)            Turns: 2412, Time: 00:02:56

Health: -6/48      AC:  2    Str: 23    XL:     5   Next: 11%
Magic:  4/4        EV: 12    Int:  4    God:    Trog [**....]
Gold:   68         SH:  0    Dex: 10    Spells: 4/4 levels left

rFire   . . .      SeeInvis .   a - +0 hand axe {axe}
rCold   . . .      Faith    .   (no shield)
rNeg    . . .      Spirit   .   b - +0 animal skin
rPois   .          Reflect  .   (helmet restricted)
rElec   .          Harm     .   (no cloak)
rCorr   .          Rampage  .   (no gloves)
Will    .....                   (no boots)
Stlth   +.........              (no amulet)
HPRegen 0.16/turn               (no ring)
MPRegen 0.09/turn               (no ring)

@: on berserk cooldown
A: horns 2, retaliatory headbutt
a: Renounce Religion, Berserk, Trog's Hand


You were on level 3 of the Dungeon.
You worshipped Trog.
Trog was pleased with you.
You visited 1 branch of the dungeon, and saw 3 of its levels.

You collected 68 gold pieces.


Innate Abilities, Weirdness & Mutations

You have a pair of horns on your head.
You reflexively headbutt those who attack you in melee.


   Skills:
 + Level 5.0 Fighting
 + Level 5.0 Axes
 + Level 4.2 Armour
 - Level 2.1 Dodging


You had 4 spell levels left.
You didn't know any spells.
Your spell library contained the following spells:

 Spells                   Type           Power      Damage    Failure   Level
 Animate Skeleton         Necr           0%         N/A       50%         1
 Apportation              Tloc           0%         N/A       50%         1
 Summon Small Mammal      Summ           0%         N/A       50%         1
 Passwall                 Tmut/Erth      0%         N/A       65%         2
 Ignite Poison            Fire/Tmut/Pois 0%         N/A       86%         3
 Irradiate                Conj/Tmut      0%         3d13      100%        5
 Summon Hydra             Summ           0%         N/A       100%        7

Inventory:

Hand Weapons
 a - a +0 hand axe (weapon) {axe}
Armour
 b - a +0 animal skin (worn)
Scrolls
 c - a scroll of magic mapping {unknown}
 e - a scroll of silence {unknown}
 g - a scroll of brand weapon {unknown}

Dungeon Overview and Level Annotations

Branches:
Dungeon (3/15)

Altars:

########.#
#..@.....#
#g######...
#....g....
#..########
#.....).).#
#...#..)#..#
#......))..$#
#..........⌠#..
#...........#g.
##..#...#..## #
#........##


You could see a gnoll sergeant.


Message History

You kill the endoplasm!
Trog accepts your kill.
HP restored.
A sourceless malevolence fills the Dungeon... and a teleportation trap spontaneously manifests!
You are yanked towards some nearby monsters!
Your surroundings suddenly seem different.
An orc priest, 4 orcs and a gnoll come into view.
The orc priest shouts!
The orc shouts! x3; The gnoll shouts!
The orc shouts!
You hear a shout!
The orc hits you with a +0 hand axe.
The gnoll moves out of view.
A gnoll sergeant comes into view.
It is wielding a +3 trident of protection.
You closely miss the orc. You hit the orc. The orc hits you with a +0 hand axe.
The orc misses you.
The orc priest invokes the aid of Beogh against you.
Beogh smites you! 😮 HP[+2]
You regained 2 hp, and now have 23/41 hp.
Okay, then.
Okay, then.
Unknown command.
A red film seems to cover your vision as you go berserk!
You feel yourself moving faster!
You feel mighty! The orc barely misses you.
The orc hits you with a +0 hand axe. The orc misses you. 😮 HP[+8]
You now have 61 max hp (+20).
You regained 8 hp, and now have 31/61 hp.
You slash the orc!
You kill the orc!
Trog accepts your kill.
You hit the orc. The orc barely misses you. You furiously retaliate!
You headbutt the orc.
You kill the orc!
Trog accepts your kill.
An orc comes into view. It is wielding a +0 flail.
The orc hits you from afar with a +0 trident.
* * * LOW HITPOINT WARNING * * *
Your Armour skill increases to level 4! 😨 HP[-3]
You take 3 damage, and now have 28/61 hp.
You closely miss the orc priest. You hit the orc.
The orc throws a boomerang.
The boomerang hits you.
* * * LOW HITPOINT WARNING * * *
😨 HP[-3]
You take 3 damage, and now have 25/61 hp.
You slash the orc priest! You hit the orc but do no damage.
The orc priest hits you with a +0 whip.
* * * LOW HITPOINT WARNING * * *
The orc misses you. 😨 HP[-4]
You take 4 damage, and now have 21/61 hp.
You slash the orc priest!
You kill the orc priest!
Trog accepts your kill.
You slash the orc!
You kill the orc!
Trog accepts your kill.
The orc throws a boomerang.
The boomerang closely misses you.
The orc hits you from afar with a +0 trident.
* * * LOW HITPOINT WARNING * * *
Your Fighting skill increases to level 5!
Your Axes skill increases to level 5!
You have reached level 5! 😱 HP[-3] MP[+1]
You now have 72 max hp (+11).
Your mp is fully restored (4).
The orc hits you with a +0 flail.
* * * LOW HITPOINT WARNING * * *
Things that are here:
a +0 hand axe {axe}; an orc corpse; 😱 HP[-5]
You take 5 damage, and now have 13/72 hp.
You slice the orc!!
You kill the orc!
Trog accepts your kill.
You slash the orc!
You kill the orc!
Trog accepts your kill.
A gnoll comes into view. It is wielding a +0 flail.
You feel a strong urge to attack something.
You are no longer berserk.
You are exhausted.
You feel yourself slow down. 😱 HP[-4]
You now have 48 max hp (-24). 😱 HP[+1]
The gnoll sergeant hits you from afar with a +3 trident of protection!
* * * LOW HITPOINT WARNING * * *
😱 HP[-9]
You take 9 damage, and now have 1/48 hp.
It was a potion of curing.
You feel better.
The gnoll sergeant hits you from afar with a +3 trident of protection!
* * * LOW HITPOINT WARNING * * *
😱 HP[+5]
You regained 5 hp, and now have 6/48 hp.
Unknown command.
It was a potion of cancellation.
Your magical effects are unravelling.
You feel magically purged.
You feel yourself speed up. The gnoll sergeant barely misses you.
The gnoll sergeant hits you from afar with a +3 trident of protection!
You die...

Skill      XL: |  1  2  3  4 |
---------------+-------------+-----
Fighting       | 4 5 |  5.0
Axes           | 4 5 |  5.0
Armour         | 3 4 |  4.2
Dodging        | |  2.1

Action                   |  1- 3 |  4- 6 || total
-------------------------+-------+-------++-------
Melee: Hand axe          |    70 |    29 ||    99
       Headbutt          |     8 |     3 ||    11
       Punch             |     1 |       ||     1
Invok: Berserk           |     1 |     1 ||     2
  Use: Potion            |       |     2 ||     2
 Stab: Sleeping          |       |     1 ||     1
Armor: Animal skin       |    22 |     1 ||    23
Dodge: Dodged            |    55 |    17 ||    72

Levels and vault maps discovered:
D:1:      matt_arrival_diagonals, layout_rooms,
          shapermc_ecumenical_altar_flowoftime
D:2:      layout_basic
D:3:      cheibrodos_pilgrimage, layout_basic, grunt_ministairs_2,
          kennysheep_path_1, nicolae_shop_unique_rings, uniq_sigmund

Notes
Turn   | Place    | Note
-------+----------+-------------------------------------------
     0 | D:1      | Faeu the Minotaur Berserker began the quest for the Orb.
     0 | D:1      | Reached XP level 1. HP: 19/19 MP: 0/0
     0 | D:1      | magus.rc [v1.9.6]
   206 | D:1      | Reached XP level 2. HP: 26/27 MP: 1/1
   220 | D:1      | You add the spells Passwall, Ignite Poison, Irradiate and
                  | Summon Hydra to your library.
   220 | D:1      | Got the Compendium of Supportive Transmutation {forbidden}
   339 | D:1      | Reached skill level 4 in Fighting
   339 | D:1      | Reached skill level 4 in Axes
   417 | D:1      | Found a faded altar of an unknown god.
   446 | D:1      | Reached skill level 3 in Armour
   556 | D:1      | You pick up a book of Cantrips {forbidden} and begin
                  | reading...
   556 | D:1      | You add the spells Animate Skeleton, Summon Small Mammal
                  | and Apportation to your library.
   930 | D:2      | Reached XP level 3. HP: 33/33 MP: 2/2
  1423 | D:2      | Reached XP level 4. HP: 29/41 MP: 3/3
  1724 | D:2      | Reached ** piety under Trog
  2393 | D:3      | Noticed a gnoll sergeant
  2396 | D:3      | Reached skill level 4 in Armour
  2398 | D:3      | HP: 15/61 [orc/+0 trident (6)]
  2399 | D:3      | Reached skill level 5 in Fighting
  2399 | D:3      | Reached skill level 5 in Axes
  2399 | D:3      | Reached XP level 5. HP: 18/48 MP: 4/4
  2410 | D:3      | HP: 1/48 [gnoll sergeant/+3 trident of protection (9)]
  2412 | D:3      | Mangled by a gnoll sergeant

Vanquished Creatures
  An orc priest (D:3)
  4 gnolls (D:2)
  2 adders
  A worm (D:2)
  A dart slug (D:1)
  5 orcs (D:3)
  4 ball pythons
  4 bats
  4 endoplasms
  3 giant cockroaches
  3 goblins
  2 hobgoblins (D:2)
  8 jackals
  A quokka (D:1)
  A frilled lizard (D:2)
  3 kobolds
  7 rats
54 creatures vanquished.

Table legend:
 A = Non-vault XP
 B = Vault XP
 C = Vault XP percentage of total XP
 D = Non-vault monster count
 E = Vault monster count
 F = Vault count percentage of total count
                 A         B        C        D         E       F
            +---------+---------+-------+---------+---------+-------
      Total |     143 |      74 |  34.1 |      46 |       8 |  14.8
            +---------+---------+-------+---------+---------+-------
        D:1 |      31 |       0 |   0.0 |      18 |       0 |   0.0
        D:2 |     111 |       0 |   0.0 |      27 |       0 |   0.0
        D:3 |       1 |      74 |  98.7 |       1 |       8 |  88.9
            +---------+---------+-------+---------+---------+-------

Illustrated notes

Table legend:
 A = Kills in this place as a percentage of kills in entire the game.
 B = Kills by you in this place as a percentage of kills by you in the entire game.
 C = Kills by friends in this place as a percentage of kills by friends in the entire game.
 D = Other kills in this place as a percentage of other kills in the entire game.
 E = Experience gained in this place as a percentage of experience gained in the entire game.
 F = Experience gained in this place divided by the number of levels of this place that you have seen.
                   A       B       C       D       E      F
               +-------+-------+-------+-------+-------+----------------------
         Total | 100.0 | 100.0 |   N/A |   N/A | 100.0 |  72.3
       Dungeon | 100.0 | 100.0 |   N/A |   N/A | 100.0 |  72.3
               +-------+-------+-------+-------+-------+----------------------

Table legend: (Time is in decaauts)
 A = Elapsed time spent in this place.
 B = Non-inter-level travel time spent in this place.
 C = Inter-level travel time spent in this place.
 D = Time resting spent in this place.
 E = Time spent auto-exploring this place.
 F = Levels seen in this place.
 G = Mean time per level.
                   A        B        C        D        E       F      G
               +--------+--------+--------+--------+--------+-----+--------+
         Total |   2432 |   2380 |     52 |    521 |   1606 |   3 |  810.7 |
       Dungeon |   2432 |   2380 |     52 |    521 |   1606 |   3 |  810.7 |
               +--------+--------+--------+--------+--------+-----+--------+

Top non-repeatable levels by time:
     D:2: 1382 daAuts
     D:1: 799 daAuts
     D:3: 250 daAuts
